 Dungeon Crawl Stone Soup version 0.32-a0-872-g59262bdc9b (webtiles) character file.

Game seed: 3236811024774230220

48808 Griffin23 the Fencer (level 14, -3/133 HPs)
             Began as a Minotaur Fighter on Mar 30, 2024.
             Was an Initiate of Gozag.
             Slain by a hog (10 damage)
             ... led by Kirke
             ... on level 11 of the Dungeon.
             The game lasted 00:47:13 (25404 turns).

Griffin23 the Fencer (Minotaur Fighter)            Turns: 25404, Time: 00:47:13

Health: -3/133     AC:  0    Str: 26    XL:     14   Next: 13%
Magic:  0/13       EV: 12    Int:  5    God:    Gozag
Gold:   921        SH:  0    Dex: 10    Spells: 13/13 levels left

rFire   . . .        H - melded +1 great sword of Truth {flame, *Corrode rF++}
rCold   . . .        (shield currently unavailable)
rNeg    . . .        N - melded +0 plate armour
rPois   .            (helmet currently unavailable)
rElec   .            q - melded +0 cloak
rCorr   .            o - melded +0 pair of gloves
SInv    .            S - melded +0 pair of boots
Will    +....        i - amulet of guardian spirit
Stlth   +            (ring currently unavailable)
HPRegen 0.42/turn    (ring currently unavailable)
MPRegen 0.13/turn

%: clarity, guardian spirit
@: pig-form, slowed
A: fast, no casting, small, (horns 2), (retaliatory headbutt), (iridescent
scales 1), clarity, sense surroundings 1
a: Renounce Religion, Potion Petition, Call Merchant, Bribe Branch


You were on level 11 of the Dungeon.
You worshipped Gozag.
Gozag was pleased with you.
You were a filthy swine.
You visited 2 branches of the dungeon, and saw 17 of its levels.

You collected 5193 gold pieces.
You spent 498 gold pieces at shops.
You paid 3774 gold pieces to Gozag.

Inventory:

Hand Weapons
 a - a +0 long sword
 H - the +1 great sword of Truth (melded) {flame, *Corrode rF++}
   (You bought it in a shop on level 6 of the Dungeon)

   rF++:      It greatly protects you from fire.
   *Corrode:  It may corrode you when you take damage.
Missiles
 n - 7 javelins
 C - 14 boomerangs
Armour
 b - a +0 scale mail
 c - a +0 buckler
 j - a +0 chain mail
 o - a +0 pair of gloves (melded)
 q - a +0 cloak (melded)
 E - a +0 kite shield of protection
 N - a +0 plate armour (melded)
 S - a +0 pair of boots (melded)
Jewellery
 f - a ring of positive energy
 i - an amulet of guardian spirit (around neck)
 l - an amulet of faith
 u - an amulet of the acrobat
 A - a +6 ring of intelligence
 F - a ring of ice
 Q - a ring of fire
 U - a ring of ice
 X - a ring of resist corrosion
Wands
 k - a wand of digging (4)
 K - a wand of charming (3)
Scrolls
 g - 6 scrolls of teleportation
 h - 2 scrolls of immolation
 m - 3 scrolls of amnesia {unknown}
 p - 2 scrolls of brand weapon {unknown}
 r - 6 scrolls of enchant weapon
 s - 2 scrolls of noise
 t - 3 scrolls of fog {unknown}
 v - 4 scrolls of fear {unknown}
 w - 7 scrolls of revelation
 x - a scroll of enchant armour {unknown}
 y - a scroll of silence {unknown}
 B - 2 scrolls of identify
 G - a scroll of torment {unknown}
 L - a scroll of poison
 T - a scroll of blinking {unknown}
 W - 3 scrolls of vulnerability {unknown}
Potions
 d - 2 potions of ambrosia {unknown}
 e - 5 potions of lignification
 z - 4 potions of degeneration
 D - 3 potions of cancellation
 I - 2 potions of enlightenment
 M - a potion of haste {unknown}
 O - 2 potions of mutation
 Y - 2 potions of attraction {unknown}
Miscellaneous
 P - a box of beasts


   Skills:
 + Level 14.9 Fighting
 * Level 20.0 Long Blades
 + Level 14.9 Armour
 - Level 7.8 Shields


You had 13 spell levels left.
You didn't know any spells.
Your spell library contained the following spells:

 Spells                   Type           Power      Damage    Failure   Level
 Apportation              Tloc           0%         N/A       47%         1
 Freeze                   Ice            0%         1d3       47%         1
 Kiss of Death            Conj/Necr      0%         2d5       47%         1
 Sting                    Conj/Alch      0%         1d3       47%         1
 Jinxbite                 Hex            0%         N/A       63%         2
 Mercury Vapours          Alch/Air       0%         N/A       63%         2
 Sublimation of Blood     Necr           0%         N/A       63%         2
 Confusing Touch          Hex            0%         N/A       85%         3
 Dazzling Flash           Conj/Hex       0%         N/A       85%         3
 Frozen Ramparts          Ice            0%         1d1       85%         3
 Fugue of the Fallen      Necr           0%         N/A       85%         3
 Hailstorm                Conj/Ice       0%         3d5       85%         3
 Ozocubu's Armour         Ice            0%         N/A       85%         3
 Tukima's Dance           Hex            0%         N/A       85%         3
 Volatile Blastmotes      Fire/Tloc      0%         2d10      85%         3
 Dispel Undead            Necr           0%         3d6       99%         4
 Fulminant Prism          Conj/Alch      0%         3d5       99%         4
 Iskenderun's Mystic Bla Conj/Tloc 0%             2d3        (+2d1     99%         4
 Olgreb's Toxic Radiance  Alch           0%         N/A       99%         4
 Passage of Golubria      Tloc           0%         N/A       99%         4
 Petrify                  Alch/Erth      0%         N/A       99%         4
 Alistair's Intoxication  Alch           0%         N/A       100%        5
 Irradiate                Conj/Alch      0%         3d11      100%        5
 Yara's Violent Unravell  Hex/Alch       0%         3d3       100%        5
 Starburst                Conj/Fire      0%         6d3       100%        6
 Manifold Assault         Tloc           0%         N/A       100%        7
 Monstrous Menagerie      Summ           0%         N/A       100%        7
 Maxwell's Capacitive Co  Air            0%         ∞         100%        8
 Dragon's Call            Summ           0%         N/A       100%        9


Dungeon Overview and Level Annotations

Branches:
Dungeon (12/15)            Temple (0/1) D:7            Lair (5/5) D:8
  Swamp (0/4) Lair:3        Snake (0/4) Lair:3        Slime (0/5) Lair:4
    Orc (0/2) D:9

Altars:
Ashenzari
Dithmenos
Elyvilon
Fedhas
Gozag
Makhleb
Nemelex Xobeh
Okawaru
Sif Muna
Trog
Uskayaw
Vehumet
Wu Jian
Xom
Yredelemnul
The Shining One
Jiyva

Shops:
D:4 (   D:6 *   D:8 (   Lair:3 (

Portals:
Trove: D:10 (give +6 demon blade)

Annotations:
D:11 Kirke


Innate Abilities, Weirdness & Mutations

You are a filthy swine.
You move quickly.
Your equipment is almost entirely melded.
You are incapable of wielding weapons or throwing items.
You cannot cast spells.
((You have a pair of horns on your head.))
((You reflexively headbutt those who attack you in melee.))
((You are partially covered in iridescent scales. (AC +2)))
You possess an exceptional clarity of mind.
You passively map a small area around you.


Message History

The wraith hits you! The wraith drains your vigour!
You feel as though you will be slow longer.
The hog closely misses you. The hog bites you!
You feel better. The hog bites you! x2; Kirke hits you.
* * * LOW HITPOINT WARNING * * *
The wraith closely misses you. The hog misses you. Kirke hits you!
* * * LOW HITPOINT WARNING * * *
The hog closely misses you. The wraith hits you.
* * * LOW HITPOINT WARNING * * *
The wraith drains your vigour!
You feel as though you will be slow longer.
Okay, then.
Okay, then.
You feel much better. The hog bites you! The hog closely misses you.
Kirke points at you and mumbles some strange words.
You struggle to resist.
The wraith barely misses you. The hog bites you. x2
* * * LOW HITPOINT WARNING * * *
[a] - 336 gold - brilliance and magic [b] - 220 gold - curing and magic [c] - 135 gold - heal wounds Purchase which effect?
You no longer have enough gold to fund merchants seeking to open stores in the dungeon.
You feel much better. The wraith hits you! The wraith drains your vigour!
You feel as though you will be slow longer.
Kirke gestures at you while chanting.
You struggle to resist.
The hog bites you!
* * * LOW HITPOINT WARNING * * *
The hog bites you!
* * * LOW HITPOINT WARNING * * *
The wraith misses you. Kirke hits you.
* * * LOW HITPOINT WARNING * * *
The hog bites you.
* * * LOW HITPOINT WARNING * * *
The hog bites you!
* * * LOW HITPOINT WARNING * * *
The air fills with toxic fumes!
As you read the scroll labelled MIOCRI NAGEOKK, it crumbles to dust.
It was a scroll of poison.
The hog bites you!
You die...
Your body crumbles into a pile of gold.

.....#...................###.##..
.#.#.##..§§§§§§§§§§§§§§§..#......
########.§§§§§§§§§§§§§§§......)..
##.###..§§§§§§§§§§§§§§§.........
##.......§§§§§§§§§§§§§§§.........
#........§§§§§§§§§§§§§§§.....#...
#........§§§§§§§§§§§§§§§.....##..
.........§§§§§§h§h§§§§§§..#...###
...(.....##§§§§§h@§§§§§§....#...#
.........####§§W§§§§§§§§..#.#...#
##........###§§§§§§§§§§§.###....#
.##.##.....§§§§§§§§§§§§§.###...##
.........§§##§§§§§§§§§§§....).##
.........§..§§§§§§§§§§§§.###)##
........###§§§§§§§§§§§§§..##))###
........# #§§§§§§##§§§§§####))#..
.##.##..###.......#......#.#..)..


You could see Kirke, 2 hogs and a wraith.

Vanquished Creatures
  5 hydras
  3 catoblepae
  A deep troll shaman (Lair:5)
  2 boulder beetles
  2 two-headed ogres
  9 death yaks
  Urug (D:10)
  4 skysharks
  Lodul (D:11)
  An oklob plant (Lair:1)
  2 cyclopes (D:11)
  10 elephants
  4 black mambas
  A gargoyle (D:11)
  A torpor snail (Lair:5)
  10 cane toads
  A rime drake (Lair:2)
  7 komodo dragons
  2 unseen horrors (D:11)
  5 trolls
  3 polar bears
  5 dream sheep
  3 blink frogs (Lair:1)
  A hornet (D:8)
  2 wyverns
  Sigmund (D:2)
  2 hogs (D:11)
  2 shadows
  45 yaks
  A vampire (D:11)
  A wraith (D:11)
  2 humans (D:10)
  3 basilisks
  2 vampire mosquitoes (D:11)
  An acid dragon (D:8)
  Duvessa (D:4)
  A naga (Lair:3)
  10 water moccasins
  6 black bears
  An ice beast (D:5)
  3 orc warriors
  3 sky beasts
  9 centaurs
  15 wolves
  10 ogres
  6 kobold brigands
  12 bullfrogs
  A gnoll sergeant (D:7)
  6 scorpions
  13 wights
  5 jellies
  Dowan (D:4)
  A killer bee (D:11)
  5 howler monkeys
  4 electric eels
  A crimson imp (D:3)
  3 bombardier beetles
  2 hounds
  2 orc priests
  Jessica (D:1)
  3 sleepcaps
  3 iguanas
  6 orc wizards
  11 gnolls
  10 adders
  2 shadow imps
  A white imp (D:5)
  A dart slug (D:1)
  4 ribbon worms
  34 orcs
  6 ball pythons
  10 endoplasms
  3 giant cockroaches
  7 goblins
  12 hobgoblins
  4 jackals (D:2)
  20 kobolds
  4 quokkas
  4 bats
  3 frilled lizards
  4 rats
420 creatures vanquished.

Vanquished Creatures (others)
  A kobold (D:8)
1 creature vanquished.

Grand Total: 421 creatures vanquished

Notes
Turn   | Place    | Note
-------+----------+-------------------------------------------
     0 | D:1      | Griffin23 the Minotaur Fighter began the quest for the Orb.
     0 | D:1      | Reached XP level 1. HP: 19/19 MP: 0/0
   108 | D:1      | Reached XP level 2. HP: 18/27 MP: 1/1
   428 | D:1      | Reached skill level 3 in Long Blades
   688 | D:2      | Noticed Jessica
   701 | D:1      | Killed Jessica
   702 | D:1      | Reached XP level 3. HP: 27/33 MP: 2/2
   747 | D:2      | Reached XP level 4. HP: 40/40 MP: 3/3
   825 | D:2      | Noticed Sigmund
   844 | D:2      | Killed Sigmund
   845 | D:2      | Reached skill level 4 in Long Blades
   845 | D:2      | Reached XP level 5. HP: 29/47 MP: 4/4
   960 | D:2      | Found a faded altar of an unknown god.
  1020 | D:2      | Prayed at the altar of an unknown god.
  1020 | D:2      | Became a worshipper of Gozag Ym Sagoz the Greedy
  1101 | D:2      | Found a blossoming altar of Fedhas.
  1671 | D:3      | Found a basalt altar of Yredelemnul.
  1676 | D:3      | Reached skill level 5 in Shields
  1944 | D:3      | Reached skill level 5 in Fighting
  1944 | D:3      | Reached skill level 5 in Long Blades
  1944 | D:3      | Reached XP level 6. HP: 54/56 MP: 5/5
  1962 | D:3      | Reached skill level 5 in Armour
  2086 | D:3      | Found a shimmering blue altar of Sif Muna.
  2174 | D:3      | Found an opulent altar of Gozag.
  2226 | D:3      | Found a shimmering altar of Xom.
  2227 | D:3      | Found a burning altar of Makhleb.
  2872 | D:4      | Reached XP level 7. HP: 56/61 MP: 6/6
  3031 | D:4      | Reached skill level 6 in Long Blades
  3334 | D:4      | Noticed Duvessa
  3334 | D:4      | Noticed Dowan
  3348 | D:4      | Killed Duvessa
  3375 | D:4      | Killed Dowan
  3635 | D:4      | Reached skill level 7 in Long Blades
  3848 | D:4      | Reached XP level 8. HP: 53/70 MP: 7/7
  3966 | D:4      | Found an ornate altar of the Wu Jian Council.
  4044 | D:4      | Found Ruimp's Weapon Shop.
  4240 | D:4      | Found a blossoming altar of Fedhas.
  4864 | D:5      | Entered Level 5 of the Dungeon
  4961 | D:5      | Found a broken altar of Ashenzari.
  5151 | D:5      | Reached skill level 8 in Long Blades
  5420 | D:5      | Found a shadowy altar of Dithmenos.
  5498 | D:5      | You fall into a shaft and drop 2 floors!
  5849 | D:6      | Reached skill level 9 in Long Blades
  5849 | D:6      | Reached XP level 9. HP: 43/79 MP: 5/8
  6820 | D:6      | Found Geanum's Goods Gallery.
  7555 | D:7      | Identified the +2 flail "Liocian" {freeze, rPois rN+ Will+
                  | Stlth+}
  7765 | D:7      | Found a staircase to the Ecumenical Temple.
  7896 | D:7      | Reached skill level 10 in Long Blades
  8480 | D:8      | Found Omnaneiz's Weapon Shop.
  8671 | D:8      | Reached skill level 11 in Long Blades
  8858 | D:8      | Found a staircase to the Lair.
  8858 | D:8      | Noticed a komodo dragon
  8886 | D:8      | Killed a komodo dragon
  8887 | D:8      | Reached XP level 10. HP: 39/90 MP: 0/9
  9166 | D:8      | Identified the +4 leather armour of the Monkey's Uncle
                  | {rElec Stlth+}
  9224 | D:8      | Paralysed by a hornet for 1 turns
  9862 | D:9      | Found a hide-covered altar of Uskayaw.
  9927 | D:9      | Noticed a boulder beetle
  9957 | D:9      | Killed a boulder beetle
 10167 | D:9      | Reached skill level 12 in Long Blades
 10401 | D:9      | Found a staircase to the Orcish Mines.
 10459 | D:9      | Found a radiant altar of Vehumet.
 10734 | D:9      | Reached skill level 10 in Fighting
 10734 | D:9      | Reached skill level 13 in Long Blades
 10734 | D:9      | Reached skill level 10 in Armour
 10987 | D:6      | Bought the +1 great sword of Truth {flame, *Corrode rF++}
                  | for 498 gold pieces
 11092 | D:9      | Found a glowing golden altar of the Shining One.
 11093 | D:9      | Found a sparkling altar of Nemelex Xobeh.
 11146 | D:9      | Found a bloodstained altar of Trog.
 11323 | D:10     | Entered Level 10 of the Dungeon
 11397 | D:10     | Noticed a two-headed ogre
 11403 | D:10     | Killed a two-headed ogre
 11404 | D:10     | Reached XP level 11. HP: 41/101 MP: 3/10
 11589 | D:10     | Found an iron altar of Okawaru.
 11804 | D:10     | Found a white marble altar of Elyvilon.
 12268 | D:10     | Found a portal to a secret trove of treasure.
 12370 | D:10     | Reached skill level 14 in Long Blades
 12724 | Lair:1   | Entered Level 1 of the Lair of Beasts
 13760 | Lair:1   | Noticed an oklob plant
 13852 | Lair:1   | Noticed a boulder beetle
 13861 | Lair:1   | Killed a boulder beetle
 14172 | Lair:1   | Reached skill level 15 in Long Blades
 14692 | Lair:1   | Killed an oklob plant
 15074 | Lair:2   | Identified the +4 ring mail of Fashionability {rCorr MP+9}
 15097 | Lair:2   | Reached XP level 12. HP: 61/112 MP: 7/11
 15491 | Lair:2   | Noticed a five-headed hydra
 15498 | Lair:2   | Killed a one-headed hydra
 15557 | Lair:2   | Reached skill level 16 in Long Blades
 16481 | Lair:3   | Found a staircase to the Snake Pit.
 16719 | Lair:3   | Found a staircase to the Swamp.
 17130 | Lair:3   | Noticed a six-headed hydra
 17141 | Lair:3   | Killed a one-headed hydra
 17492 | Lair:3   | Reached skill level 17 in Long Blades
 17610 | Lair:3   | Identified the serpent talisman of Inference {rCorr Dex+2}
 18745 | Lair:4   | Noticed a catoblepas
 19045 | Lair:3   | Killed a catoblepas
 19917 | Lair:4   | Found a viscous altar of Jiyva.
 19918 | Lair:4   | Found a staircase to the Slime Pits.
 19940 | Lair:4   | Noticed a death yak
 19941 | Lair:4   | Noticed a death yak
 19942 | Lair:4   | Noticed a death yak
 19947 | Lair:4   | Noticed a death yak
 19949 | Lair:4   | Killed a death yak
 19950 | Lair:4   | Reached XP level 13. HP: 86/122 MP: 9/12
 19963 | Lair:4   | Gained mutation: You are partially covered in iridescent
                  | scales. (AC +2) [potion of mutation]
 19963 | Lair:4   | Gained mutation: You possess an exceptional clarity of
                  | mind. [potion of mutation]
 19963 | Lair:4   | Gained mutation: You passively map a small area around you.
                  | [potion of mutation]
 20407 | Lair:3   | Reached skill level 18 in Long Blades
 20756 | Lair:4   | Found a basalt altar of Yredelemnul.
 21578 | Lair:5   | Entered Level 5 of the Lair of Beasts
 22555 | Lair:5   | Reached skill level 19 in Long Blades
 23468 | Lair:5   | Got the Notes on Effluvium and the Flock
 23469 | Lair:5   | Identified the +4 morningstar "Tuoskesa" {holy, Dex+4 SInv}
 23747 | D:11     | Noticed Urug
 24099 | D:10     | Killed Urug
 24100 | D:10     | Reached XP level 14. HP: 47/133 MP: 0/13
 24510 | D:11     | Noticed Lodul
 24523 | D:11     | Killed Lodul
 25060 | D:11     | Reached skill level 20 in Long Blades
 25318 | D:12     | Identified the +0 ring mail of Dupt {Fly rF- Str+4}
 25325 | D:12     | Noticed Kirke
 25403 | D:11     | HP: 6/133 [hog[Kirke] (12)]
 25404 | D:11     | Slain by a hog

Illustrated notes

Levels and vault maps discovered:
D:1:      minmay_arrival_plants_in_alcoves, layout_rooms,
          minmay_misc_feat_nine_boxes, kennysheep_boxes
D:2:      layout_loops_ring, basic_altar, shapermc_ecumenical_altar_petra,
          minmay_tetromino_o2, uniq_jessica, uniq_sigmund
D:3:      layout_rooms, grunt_temple_overflow_champion_of_chaos,
          mainiacjoe_overflow_chevrons, mainiacjoe_overflow_alcove_1,
          grunt_gozag_statues, serial_co_window_serial, co_window_corner_a,
          co_window_of_opportunity_a, co_window_paths_a, co_window_paths_b,
          co_window_paths_b, co_window_cross_3, co_window_broadway_a,
          co_window_broadway_a, co_window_paths_c, co_window_paths_e,
          co_window_paths_d, glass_columns_a, glass_columns_c, glass_columns_b,
          glass_columns_c, patterned_corridor
D:4:      layout_basic, pdpol_wu_jian_five_deadly_venoms,
          fedhas_altar_decomposition, serial_shops,
          nicolae_shop_getting_attention, uniq_duvessa
D:5:      layout_basic, nicolae_ashenzari_skybound, minmay_ruined_shrine
D:6:      layout_loops_corners, serial_bayou_pond_a, serial_bayou_pond_c,
          hangedman_decor_diamond_cutter, nicolae_alphabet_shops
D:7:      layout_cave_pools, temple_pool_b
D:8:      layout_basic, david_lair_shrubbed, enter_bailey_4, serial_shops, shop,
          st_stairs_10
D:9:      layout_roguey, nicolae_uskayaw_murder_on_the_dancefloor,
          chequers_temple_overflow_statue_of_worship, orc_0_dummy,
          hangedman_abyss_or_decor_stabs
D:10:     layout_basic, elyvilon_altar_5, okawaru_humans, enter_trove_2
D:11:     layout_cave_pools, portal_ice_cave_entry_pillars_1,
          minmay_alternating_orb, uniq_urug, uniq_lodul
D:12:     kennysheep_ambush_hall, layout_cross, gammafunk_ghost_necromancy,
          uniq_kirke
Lair:1:   layout_cave_pods, minmay_lair_oklob_bushes, grunt_megastairs_5
Lair:2:   layout_cellular_growth, infiniplex_staircase_pool_2,
          grunt_megastairs_4
Lair:3:   layout_cave_shapes, swamp_mist_pool, guppyfry_snake_entry_garden,
          pdpol_lair_cavern_descent
Lair:4:   layout_cave_pods, nicolae_slime_entry_slimehenge,
          gauntlet_entry_generic, basic_altar, lemuel_old_faithful,
          infiniplex_staircase_pool, serial_bayou_shore_b
Lair:5:   grunt_lair_end_beastmaster, layout_loops_ring, grunt_megastairs_2

Skill      XL: |  1  2  3  4  5  6  7  8  9 10 11 12 13 14 |
---------------+-------------------------------------------+-----
Fighting       | 4 5 6 7 8 10 11 13 14 | 14.9
Shields        | 4 5 6 7 |  7.8
Armour         | 4 5 6 7 8 10 11 13 14 | 14.9
Long Blades    | 3 4 5 7 9 11 13 15 17 19 20 | 20.0

Action                     |  1- 3 |  4- 6 |  7- 9 | 10-12 | 13-15 || total
---------------------------+-------+-------+-------+-------+-------++-------
  Melee: Long sword        |    68 |   165 |   683 |   298 |       ||  1214
         Headbutt          |    10 |    24 |   224 |   190 |   102 ||   550
         Great sword       |       |       |       |   442 |   384 ||   826
         Unarmed           |       |       |       |       |     4 ||     4
  Throw: Throwing net      |       |       |       |       |     1 ||     1
 Invoke: Potion Petition   |       |       |     3 |     1 |     4 ||     8
         Call Merchant     |       |       |       |     1 |       ||     1
  Evoke: Wand              |       |       |     4 |    10 |     6 ||    20
         Box of beasts     |       |       |       |       |     1 ||     1
    Use: Potion            |       |       |     6 |     7 |     8 ||    21
         Scroll            |       |       |     6 |     5 |     5 ||    16
   Stab: Distracted        |       |       |     2 |     3 |     1 ||     6
         Betrayed ally     |       |       |       |     1 |       ||     1
         Petrified         |       |       |       |       |    11 ||    11
         Petrifying        |       |       |       |       |     2 ||     2
 Armour: Scale mail        |    14 |       |       |       |       ||    14
         Chain mail        |    41 |   132 |   305 |   179 |       ||   657
         Plate armour      |       |       |       |   554 |   571 ||  1125
         Skin              |       |       |       |       |    23 ||    23
  Dodge: Dodged            |    23 |    36 |   147 |   230 |   149 ||   585
  Block: Buckler           |    17 |    28 |    95 |       |       ||   140
         Kite shield       |       |       |    22 |    73 |       ||    95

Table legend: (Time is in decaauts)
 A = Elapsed time spent in this place.
 B = Non-inter-level travel time spent in this place.
 C = Inter-level travel time spent in this place.
 D = Time resting spent in this place.
 E = Time spent auto-exploring this place.
 F = Levels seen in this place.
 G = Mean time per level.
                   A        B        C        D        E       F      G
               +--------+--------+--------+--------+--------+-----+--------+
         Total |  25485 |  24139 |   1346 |   3499 |  16351 |  17 | 1499.1 |
       Dungeon |  14562 |  13764 |    798 |   1015 |   9861 |  12 | 1213.5 |
          Lair |  10922 |  10375 |    547 |   2484 |   6490 |   5 | 2184.4 |
               +--------+--------+--------+--------+--------+-----+--------+

Top non-repeatable levels by time:
  Lair:3: 3093 daAuts
  Lair:4: 2492 daAuts
     D:4: 2182 daAuts
  Lair:1: 2110 daAuts
    D:10: 1986 daAuts
     D:8: 1911 daAuts
     D:6: 1830 daAuts
  Lair:2: 1635 daAuts
  Lair:5: 1591 daAuts
     D:9: 1380 daAuts
     D:3: 1162 daAuts
    D:11: 1011 daAuts
     D:2: 879 daAuts
     D:5: 790 daAuts
     D:1: 752 daAuts
